 Dungeon Crawl Stone Soup version 0.29.1-1-gd02db6906a (webtiles) character file.

Game seed: 1385171133795559741

9121 Decritt7 the Fighter (level 11, -14/73 HPs)
             Began as a Gargoyle Fighter on Oct 2, 2022.
             Was a Believer of Ru.
             Demolished by a komodo dragon (22 damage)
             ... on level 9 of the Dungeon.
             The game lasted 00:29:03 (14756 turns).

Decritt7 the Fighter (Gargoyle Fighter)            Turns: 14756, Time: 00:29:04

Health: -14/73     AC: 25    Str: 24    XL:     11   Next: 41%
Magic:  11/11      EV:  8    Int:  9    God:    Ru [**....]
Gold:   659        SH: 11    Dex: 15    Spells: 10/10 levels left

rFire   + . .      SeeInvis .   A - +2 spear (venom)
rCold   + + .      Faith    .   l - +0 kite shield
rNeg    + + .      Spirit   .   r - +2 plate armour {rN+}
rPois   ∞          Reflect  .   (no helmet)
rElec   +          Harm     .   c - scarf {rC+ rF+}
rCorr   .          Rampage  .   v - +1 pair of gloves
Will    .....                   (no boots)
Stlth   ..........              (no amulet)
HPRegen 0.22/turn               h - +6 ring of dexterity
MPRegen 0.12/turn               b - ring of protection from cold

@: hasted, very quick
A: sickness immunity, AC +8, negative energy resistance 1, electricity
resistance, torment resistance 1, petrification resistance, inability to use
devices
a: Renounce Religion


You were on level 9 of the Dungeon.
You worshipped Ru.
Ru was pleased with you.
You visited 2 branches of the dungeon, and saw 11 of its levels.

You collected 659 gold pieces.

Inventory:

Hand Weapons
 A - a +2 spear of venom (weapon)
 D - a +4 flail
 G - a +1 whip of freezing
Missiles
 i - 50 poisoned darts (quivered)
 B - 2 javelins
Armour
 c - a scarf of resistance (worn)
 l - a +0 kite shield (worn)
 m - a +0 plate armour
 p - a +1 cloak
 r - a +2 plate armour of positive energy (worn)
 v - a +1 pair of gloves (worn)
 z - a +2 ring mail of willpower
Jewellery
 b - a ring of protection from cold (right hand)
 e - an amulet of faith
 h - a +6 ring of dexterity (left hand)
 H - a ring of ice
Wands
 u - a wand of flame (42)
 F - a wand of quicksilver (8)
Scrolls
 a - 2 scrolls of poison
 k - 3 scrolls of vulnerability
 n - 3 scrolls of teleportation
 C - 3 scrolls of amnesia
 E - a scroll of blinking
Potions
 d - a potion of might
 f - 3 potions of curing
 g - 2 potions of magic
 j - a potion of mutation
 o - 3 potions of attraction
 q - a potion of resistance
 s - a potion of invisibility {unknown}
 t - 3 potions of brilliance
 y - 2 potions of lignification


   Skills:
 * Level 10.8 Fighting
 * Level 9.7 Maces & Flails
 + Level 8.0 Armour
 + Level 5.4 Dodging
 + Level 8.0 Shields


You had 10 spell levels left.
You didn't know any spells.
Your spell library contained the following spells:

 Spells                   Type           Power      Damage    Failure   Level
 Wereblood                Tmut           0%         N/A       100%        2
 Dazzling Flash           Conj/Hex       0%         N/A       100%        3
 Iskenderun's Mystic Bla  Conj/Tloc      0%         2d3       100%        4
 Starburst                Conj/Fire      0%         6d3       100%        6
 Summon Hydra             Summ           0%         N/A       100%        7
 Sublimation of Blood     Necr           Unusable   N/A       N/A         2

Dungeon Overview and Level Annotations

Branches:
Dungeon (10/15)            Temple (1/1) D:4             Orc (0/2) D:9
   Lair: D:8-11

Altars:
Ashenzari
Cheibriados
Dithmenos
Elyvilon
Fedhas
Gozag
Hepliaklqana
Kikubaaqudgha
Makhleb
Nemelex Xobeh
Okawaru
Qazlal
Ru
Sif Muna
Trog
Uskayaw
Vehumet
Wu Jian
Xom
Yredelemnul
Zin
The Shining One

Annotations:
D:3 1 runed translucent door, NineInchNils's ghost, amateur DrTm
D:10 4 transporters


Innate Abilities, Weirdness & Mutations

You are immune to sickness and miasma.
Your stone body is resilient. (AC +8)
You are immune to poison.
You resist negative energy. (rN+)
You are resistant to electric shocks. (rElec)
You are resistant to unholy torment.
You are immune to petrification.
You cannot study or use magical devices.


Message History

The eight-headed hydra barely misses you.
The eight-headed hydra bites you but does no damage. x2
The eight-headed hydra barely misses you.
The eight-headed hydra bites you but does no damage.
You block the eight-headed hydra's attack.
You feel yourself speed up.
You block the eight-headed hydra's attack.
The eight-headed hydra bites you but does no damage. x4
You block the eight-headed hydra's attack.
The eight-headed hydra bites you but does no damage. x2
Reach: A) +2 spear (venom)
Press: ? - help, Dir - move target, f - eight-headed hydra
Aim: an eight-headed hydra (severely wounded, very poisoned, about 17% to evade your +2 spear of venom)
You reach to attack!
You hit the eight-headed hydra.
The eight-headed hydra is severely wounded.
Throw: 51 darts (poison)
Press: ? - help, Q - select action, (/) - cycle Shift-Dir - straight line, f/p - eight-headed hydra
Aim: an eight-headed hydra (severely wounded, very poisoned, 81% to hit)
You throw a poisoned dart.
The poisoned dart hits the eight-headed hydra.
The eight-headed hydra is severely wounded.
There is a stone staircase leading up here.
You climb upwards.
The komodo dragon hisses angrily.
There is a stone staircase leading down here.
A komodo dragon is nearby!
You reach to attack!
You puncture the komodo dragon!
The komodo dragon is moderately wounded.
You barely miss the komodo dragon.
The komodo dragon is moderately wounded.
The komodo dragon bites you but does no damage.
You hit the komodo dragon.
The komodo dragon is poisoned.
The komodo dragon is moderately wounded.
The komodo dragon bites you!
* * * LOW HITPOINT WARNING * * *
You hit the komodo dragon.
The komodo dragon looks as sick as possible!
The komodo dragon is moderately wounded.
The komodo dragon bites you!!
You die...

...............'...#........#####
...######......#####.............
...#....#........................
...#....#..#####'###########)#...
...#....#..#..............[..)...
...#....#..#.............##'##...
...#....'.##.............#..)....
...#....#.#.............)#.......
..##....#.#....l@........#.......
..#.....#.#....#########)#.......
..#.....#.'....#.......#<#.......
..#.....'.#....+.......#.#.......
..#.....#.#....#.......#)#.......
..#######.#....#.......#.#.......
..........#....#####'###.#.......
##........#..............#.......
.#........###............#.......


You could see a komodo dragon (extremely poisoned).

Vanquished Creatures
  Fannar (D:10)
  A two-headed ogre (D:10)
  Pikel (D:7)
  2 kobold demonologists
  A troll (D:10)
  2 hornets
  A shadow (D:9)
  2 vampires (D:9)
  6 yaks
  4 vampire mosquitoes (D:9)
  A steam dragon (D:7)
  An acid dragon (D:8)
  Duvessa (D:6)
  A water moccasin (D:4)
  3 black bears
  5 orc warriors
  2 sky beasts
  4 centaurs
  A lemure (D:7)
  3 phantoms
  3 kobold brigands
  4 bullfrogs
  A necrophage (D:7)
  4 gnoll sergeants (D:6)
  5 scorpions
  6 wights
  Dowan (D:6)
  5 howler monkeys
  5 hounds
  5 orc priests
  3 jellies
  4 gnoll boudas
  4 iguanas
  Crazy Yiuf (D:3)
  Natasha (twice) (D:3)
  4 orc wizards
  9 gnolls
  8 adders
  3 dart slugs
  48 orcs
  4 endoplasms
  5 giant cockroaches
  9 goblins
  3 hobgoblins
  4 jackals (D:2)
  33 kobolds
  4 quokkas
  11 ball pythons
  2 bats
  5 frilled lizards
  3 rats
251 creatures vanquished.

Vanquished Creatures (others)
  21 plants (D:8)
21 creatures vanquished.

Grand Total: 272 creatures vanquished

Notes
Turn   | Place    | Note
-------+----------+-------------------------------------------
     0 | D:1      | Decritt7 the Gargoyle Fighter began the quest for the Orb.
     0 | D:1      | Reached XP level 1. HP: 14/14 MP: 1/1
   297 | D:1      | Reached XP level 2. HP: 19/19 MP: 2/2
   943 | D:1      | Reached XP level 3. HP: 5/24 MP: 3/3
  1333 | D:1      | Found a faded altar of an unknown god.
  1993 | D:2      | Reached skill level 4 in Fighting
  2057 | D:2      | Reached XP level 4. HP: 29/29 MP: 4/4
  2591 | D:3      | Reached skill level 1 in Dodging
  2823 | D:3      | Noticed Natasha
  2828 | D:3      | Killed Natasha
  2829 | D:3      | Reached XP level 5. HP: 34/34 MP: 5/5
  2977 | D:3      | Found a runed translucent door.
  2977 | D:3      | Noticed Natasha
  2977 | D:3      | Noticed Crazy Yiuf
  3016 | D:3      | Found a runed translucent door.
  3019 | D:3      | Noticed NineInchNils's ghost (amateur DrTm)
  3936 | D:4      | Reached XP level 6. HP: 17/40 MP: 6/6
  4306 | D:4      | Reached skill level 5 in Fighting
  4444 | D:4      | Found a staircase to the Ecumenical Temple.
  4489 | Temple   | Entered the Ecumenical Temple
  5093 | D:5      | Entered Level 5 of the Dungeon
  5239 | D:5      | Reached XP level 7. HP: 44/44 MP: 7/7
  5614 | D:5      | Reached skill level 6 in Fighting
  5614 | D:5      | Reached skill level 5 in Maces & Flails
  5630 | D:5      | Reached XP level 8. HP: 41/51 MP: 8/8
  6024 | D:6      | Found a shimmering altar of Xom.
  6025 | D:6      | Found a stormy altar of Qazlal.
  6149 | D:6      | Reached skill level 5 in Armour
  6149 | D:6      | Reached skill level 5 in Shields
  6534 | D:6      | Reached skill level 7 in Fighting
  7192 | D:6      | Found a snail-covered altar of Cheibriados.
  7269 | D:6      | Found the +3 woodcutter's axe {vorpal}
  7331 | D:6      | Reached XP level 9. HP: 35/57 MP: 9/9
  7677 | D:6      | Found a basalt altar of Yredelemnul.
  7717 | D:7      | Noticed Dowan
  7721 | D:7      | Noticed Duvessa
  7859 | D:6      | Killed Duvessa
  7865 | D:6      | Killed Dowan
  8195 | D:6      | Found a shadowy altar of Dithmenos.
  8444 | D:7      | Reached skill level 8 in Fighting
  8609 | D:7      | Noticed Pikel
  8618 | D:7      | Killed Pikel
  8909 | D:7      | Reached XP level 10. HP: 65/65 MP: 10/10
  9336 | D:3      | Killed Natasha
  9343 | D:3      | Killed Crazy Yiuf
  9550 | D:8      | Found a white marble altar of Elyvilon.
  9872 | D:8      | Reached skill level 9 in Fighting
 10746 | D:9      | HP: 2/66 [acid dragon/splash of acid (23)]
 11469 | D:9      | Noticed a kobold demonologist
 11524 | D:9      | Killed a kobold demonologist
 11613 | D:9      | Found a sacrificial altar of Ru.
 11621 | D:9      | Became a worshipper of Ru the Awakened
 12012 | D:9      | Found a staircase to the Orcish Mines.
 12493 | D:10     | Entered Level 10 of the Dungeon
 12493 | D:10     | Noticed a two-headed ogre
 12498 | D:10     | Killed a two-headed ogre
 12499 | D:10     | Reached skill level 10 in Fighting
 12982 | D:9      | Reached skill level 5 in Dodging
 13076 | D:10     | Noticed Fannar
 13163 | D:10     | Killed Fannar
 13164 | D:10     | Reached XP level 11. HP: 44/73 MP: 11/11
 13367 | D:10     | Found a transporter.
 13379 | D:10     | Found a transporter.
 13381 | D:10     | Found a transporter.
 13385 | D:10     | Found a transporter.
 13434 | D:10     | Gained mutation: You cannot study or use magical devices.
                  | [Ru sacrifice]
 13434 | D:10     | Reached * piety under Ru
 13434 | D:10     | Reached ** piety under Ru
 13476 | D:10     | Noticed a centaur warrior
 14714 | D:10     | Noticed an eight-headed hydra
 14756 | D:9      | Demolished by a komodo dragon

Illustrated notes

Levels and vault maps discovered:
D:1:      amcnicky_arrival_blooded_trapdoor, layout_basic,
          ebering_ecumenical_altar_rust
D:2:      layout_basic
D:3:      layout_basic, ebering_ghost_reflecting_pool, uniq_natasha,
          uniq_crazy_yiuf_cottage
D:4:      layout_loops_ring, minmay_temple_entry_enclosed_plants
D:5:      layout_cave_pools, minivault_14, nicolae_elevator_lobby_plus
D:6:      layout_loops_ring, nicolae_overflow_hidden_temple,
          pf_guarded_unrand_woodcutter
D:7:      layout_loops_cross, enter_bailey_6, kennysheep_crisscross,
          st_stairs_6, kennysheep_generic_room_6, uniq_pikel, uniq_duvessa
D:8:      kennysheep_kobold_camp, layout_loops_ring,
          mainiacjoe_overflow_boulevard, chequers_serial_rivers_micro_c
D:9:      layout_irregular_city, mainiacjoe_overflow_surrounded_room,
          david_orc_5, minmay_misc_feat_chi
D:10:     hangedman_cross_stitches, layout_cave_pools,
          nicolae_transporter_circle, uniq_fannar
Temple:   bh_familiar_temple

Skill      XL: |  1  2  3  4  5  6  7  8  9 10 11 |
---------------+----------------------------------+-----
Fighting       | 4 5 6 7 8 10 | 10.8
Maces & Flails | 3 4 5 6 7 9 |  9.7
Dodging        | 1 2 3 4 5 |  5.4
Armour         | 4 5 6 7 8 |  8.0
Shields        | 4 5 6 7 8 |  8.0

Action                   |  1- 3 |  4- 6 |  7- 9 | 10-12 || total
-------------------------+-------+-------+-------+-------++-------
Melee: Flail             |   102 |   172 |   221 |   465 ||   960
       Spear             |       |       |    54 |    13 ||    67
       Whip              |       |       |    66 |    52 ||   118
Throw: Dart              |    10 |     8 |    20 |     4 ||    42
       Javelin           |       |    11 |    12 |     2 ||    25
Invok: Sacrifice Artific |       |       |       |     1 ||     1
  Use: Scroll            |       |     9 |     4 |     7 ||    20
       Potion            |       |       |       |     7 ||     7
 Stab: Invisible         |       |       |       |     1 ||     1
Armor: Scale mail        |    55 |    43 |       |       ||    98
       Plate armour      |       |    78 |   201 |   425 ||   704
       Ring mail         |       |       |    37 |       ||    37
Dodge: Dodged            |    32 |    85 |   104 |   172 ||   393
Block: Buckler           |    22 |    42 |    52 |       ||   116
       Kite shield       |       |       |   109 |   343 ||   452
